 Dungeon Crawl Stone Soup version 0.28-a0-861-ge64d6db94f (webtiles) character file.

Game seed: 10700674710403887546

7 ytrimaz the Skirmisher (level 1, -2/18 HPs)
             Began as a Demonspawn Berserker on Nov 15, 2021.
             Was a Follower of Trog.
             Slain by a jackal (3 damage)
             ... on level 1 of the Dungeon.
             The game lasted 00:00:26 (237 turns).

ytrimaz the Skirmisher (Demonspawn Berserker)        Turns: 237, Time: 00:00:27

Health: -2/18      AC:  2    Str: 17    XL:     1   Next: 91%
Magic:  1/1        EV: 12    Int:  8    God:    Trog [*.....]
Gold:   8          SH:  0    Dex: 12    Spells: 0/0 levels left

rFire   . . .      SeeInvis .   a - +0 hand axe
rCold   . . .      Faith    .   (no shield)
rNeg    . . .      Spirit   .   b - +0 animal skin
rPois   .          Reflect  .   (no helmet)
rElec   .          Harm     .   (no cloak)
rCorr   .          Rampage  .   (no gloves)
Will    .....                   (no boots)
Stlth   ..........              (no amulet)
HPRegen 0.06/turn               (no ring)
MPRegen 0.07/turn               (no ring)

@: silenced, on berserk cooldown, slowed, very slow
A: no striking features
a: Renounce Religion


You were on level 1 of the Dungeon.
You worshipped Trog.
Trog was aware of your devotion.
You visited 1 branch of the dungeon, and saw 1 of its levels.

You collected 8 gold pieces.

Inventory:

Hand Weapons
 a - a +0 hand axe (weapon)
Armour
 b - a +0 animal skin (worn)


   Skills:
 + Level 3.2 Fighting
 + Level 3.0 Axes
 - Level 1.7 Armour
 - Level 1.7 Dodging


You couldn't memorise any spells.
You didn't know any spells.
Your spell library was empty.

Dungeon Overview and Level Annotations

Branches:
Dungeon (1/15)

Altars:


Message History

Your Axes skill increases to level 3!
Unknown command.
A jackal comes into view.
The jackal barks!
You hear an angry hiss.
A jackal comes into view.
You see here a +0 dagger.
You feel a strong urge to attack something.
The jackal barks!
A frilled lizard comes into view.
You feel your anger nearly subside.
You are no longer berserk.
You are exhausted.
You feel yourself slow down.
The jackal bites you but does no damage.
You hit the jackal.
The jackal is severely wounded.
You hit the jackal. The jackal barely misses you. The jackal bites you.
* * * LOW HITPOINT WARNING * * *
A frilled lizard comes into view.
The jackal misses you. The jackal completely misses you.
The frilled lizard hisses.
The jackal bites you.
* * * LOW HITPOINT WARNING * * *
The jackal bites you.
* * * LOW HITPOINT WARNING * * *
Unknown command.
Unknown command.
Unknown command.
The frilled lizard hisses angrily.
You aren't carrying any potions.
The jackal bites you.
* * * LOW HITPOINT WARNING * * *
As you read the scroll labelled JIGRIO YWOUSHRI, it crumbles to dust.
A profound silence engulfs you.
It was a scroll of silence.
The jackal barely misses you. The jackal closely misses you. x3
The jackal bites you but does no damage.
You see here a +0 dagger.
The jackal bites you.
* * * LOW HITPOINT WARNING * * *
The jackal bites you.
You die...

.. ..#.#.#.#.# #.#
##......... #.#
#.#.#.#.#.#.#.# #.#
##............l. #.#
#.#.#.#.#.#.#.# #.#
#...........
########.####.#.#l#.#.#.#.#
..............@hhl.........
####.$.#####.#†#.#.#.#.#.
..##.### ##...........
#####.##.# #.#.#.#.#l#.
....#.##.# ##..........
###.#.##.# #.#.#.#.#.#.
#...##.# #........ l
###....# #..#[#.#.#
####.#### .. ..


You could see 2 jackals and 2 frilled lizards.

Vanquished Creatures
  A hobgoblin (D:1)
  2 jackals (D:1)
  2 kobolds (D:1)
  A bat (D:1)
  A rat (D:1)
7 creatures vanquished.

Notes
Turn   | Place    | Note
-------+----------+-------------------------------------------
     0 | D:1      | ytrimaz the Demonspawn Berserker began the quest for the
                  | Orb.
     0 | D:1      | Reached XP level 1. HP: 18/18 MP: 1/1
   237 | D:1      | Slain by a jackal

Illustrated notes

Levels and vault maps discovered:
D:1:      dpeg_arrival_lava_altar, layout_basic,
          nicolae_ecumenical_snake_handling, hex_large

Skill      XL: |  1 |
---------------+----+-----
Axes           | 3 |  3.0
Fighting       | |  3.2
Armour         | |  1.7
Dodging        | |  1.7

Action                   || total
-------------------------++-------
Melee: Hand axe          ||    26
Invok: Berserk           ||     1
  Use: Scroll            ||     1
Armor: Animal skin       ||    11
Dodge: Dodged            ||    35

Table legend: (Time is in decaauts)
 A = Elapsed time spent in this place.
 B = Non-inter-level travel time spent in this place.
 C = Inter-level travel time spent in this place.
 D = Time resting spent in this place.
 E = Time spent auto-exploring this place.
 F = Levels seen in this place.
 G = Mean time per level.
                   A        B        C        D        E       F      G
               +--------+--------+--------+--------+--------+-----+--------+
         Total |    242 |    242 |      0 |      0 |    179 |   1 |  242.0 |
       Dungeon |    242 |    242 |      0 |      0 |    179 |   1 |  242.0 |
               +--------+--------+--------+--------+--------+-----+--------+

Top non-repeatable levels by time:
     D:1: 242 daAuts
